 Dungeon Crawl Stone Soup version 0.24-a0-498-ge00f04a (webtiles) character file.

Game seed: 17784681835759420488

3483 LogicNinja the Arsonist (level 9, -1/45 HPs)
             Began as a Deep Elf Fire Elementalist on July 14, 2019.
             Was a Believer of Vehumet.
             Slain by a killer bee (3 damage)
             ... on level 7 of the Dungeon.
             The game lasted 00:16:58 (9463 turns).

LogicNinja the Arsonist (DEFE)                      Turns: 9463, Time: 00:16:59

Health: -1/45      AC:  4    Str:  8    XL:     9   Next: 79%
Magic:  0/22       EV: 12    Int: 27    God:    Vehumet [**....]
Gold:   412        SH:  4    Dex: 17    Spells: 4/23 levels left

rFire    + + .     SeeInvis .   a - +2 dagger (venom)
rCold    . . .     Gourm    .   (no shield)
rNeg     . . .     Faith    .   y - +0 leather armour of the Robin {rPois rF+ Str+3 Slay+2}
rPois    +         Spirit   .   k - +0 helmet
rElec    +         Reflect  +   (no cloak)
rCorr    .         Harm     .   (no gloves)
MR       .....                  (no boots)
Stlth    ++........             b - +4 amulet of reflection
HPRegen  0.15/turn              d - ring of poison resistance
MPRegen  0.18/turn              F - ring of Jennoori {rElec rF+ Int+3 Dex+2}

@: very slightly contaminated
A: no striking features
a: Renounce Religion


You were on level 7 of the Dungeon.
You worshipped Vehumet.
Vehumet was pleased with you.
You were not hungry.

You visited 2 branches of the dungeon, and saw 9 of its levels.

You collected 412 gold pieces.

Inventory:

Hand Weapons
 a - a +2 dagger of venom (weapon)
Missiles
 q - a throwing net (quivered)
Armour
 i - a +0 buckler
 k - a +0 helmet (worn)
 m - a +2 robe of magic resistance
 y - the +0 leather armour of the Robin (worn) {rPois rF+ Str+3 Slay+2}
   (You found it on level 5 of the Dungeon)

   It affects your strength (+3).
   It affects your accuracy and damage with ranged weapons and melee attacks
   (+2).
   It protects you from fire.
   It protects you from poison.
Magical Staves
 z - an uncursed staff of air
Jewellery
 b - a +4 amulet of reflection (around neck)
 d - a ring of poison resistance (left hand)
 p - an uncursed amulet of magic regeneration
 F - the ring of Jennoori (right hand) {rElec rF+ Int+3 Dex+2}
   (You found it on level 6 of the Dungeon)

   [ring of dexterity]

   It affects your intelligence (+3).
   It affects your dexterity (+2).
   It protects you from fire.
   It insulates you from electricity.
Wands
 o - a wand of polymorph (5)
 t - a wand of flame (13)
Scrolls
 e - 2 scrolls of enchant armour {unknown}
 j - 2 scrolls of magic mapping {unknown}
 s - 5 scrolls of remove curse
 u - a scroll of teleportation
 v - a scroll of immolation {unknown}
 x - 3 scrolls of amnesia
 A - 5 scrolls of identify
 B - a scroll of fog {unknown}
 D - a scroll of enchant weapon {unknown}
 E - a scroll of random uselessness {unknown}
 G - a scroll of blinking {unknown}
Potions
 g - a potion of haste
 h - 2 potions of mutation
 l - a potion of heal wounds {unknown}
 n - 2 potions of brilliance
 r - 2 potions of agility
 w - a potion of berserk rage {unknown}
Comestibles
 c - 10 rations
 C - 5 chunks of flesh


   Skills:
 - Level 2.4 Dodging
 - Level 2.4 Stealth
 * Level 7.6 Spellcasting
 * Level 10.2 Conjurations
 * Level 10.2 Fire Magic


You had 4 spell levels left.
You knew the following spells:

 Your Spells              Type           Power        Failure   Level  Hunger
a - Flame Tongue          Conj/Fire      #####        1%          1    None
b - Throw Flame           Conj/Fire      ######       1%          2    None
d - Conjure Flame         Conj/Fire      ######..     1%          3    None
e - Sticky Flame          Conj/Fire      ######..     1%          4    ##.....
f - Fireball              Conj/Fire      ######....   3%          5    ####...
q - Iskenderun's Mystic   Conj           ######..     1%          4    ##.....

Your spell library contained the following spells:

 Spells                   Type           Power        Failure   Level  Hunger
 Freeze                   Ice            ##..         8%          1    None
 Magic Dart               Conj           ####         1%          1    None
 Searing Ray              Conj           ######       1%          2    None
 Dazzling Spray           Conj/Hex       #####.       3%          3    None
 Inner Flame              Hex/Fire       #####...     3%          3    None
 Summon Butterflies       Summ           ##......     8%          1    None
 Force Lance              Conj/Tloc      #####...     10%         4    ##.....
 Fulminant Prism          Conj/Hex       #####.....   10%         4    ##.....
 Call Canine Familiar     Summ           ##......     24%         3    None
 Summon Ice Beast         Ice/Summ       ##......     61%         4    ##.....
 Summon Mana Viper        Hex/Summ       ##......     91%         5    ####...
 Summon Hydra             Summ           ##........   100%        7    #######


Dungeon Overview and Level Annotations

Branches:
Dungeon (8/15)             Temple (1/1) D:4
   Lair: D:8-11

Altars:
Ashenzari
Cheibriados
Dithmenos
Fedhas
Gozag
Hepliaklqana
Kikubaaqudgha
Makhleb
Nemelex Xobeh
Okawaru
Ru
Sif Muna
Trog
Uskayaw
Vehumet
Wu Jian
Xom
Yredelemnul
Zin
The Shining One


Message History

Press: ? - help, Shift-Dir - straight line, f - killer bee
Aim: a killer bee (severely wounded)
The flame tongue hits the killer bee.
The killer bee is almost dead.
The killer bee closely misses you. The killer bee stings you.
* * * LOW HITPOINT WARNING * * *
Casting: Flame Tongue (safe; 1% risk of failure)
Confirm with . or Enter, or press ? or * to list all spells.
Aiming: Flame Tongue (safe; 1% risk of failure) Butts: ? - help, Shift-Dir - straight line, f/p - killer bee
Aim: a killer bee (almost dead)
You miscast Flame Butt.
You are very lightly contaminated with residual magic.
Nothing appears to happen.
You feel sick. The killer butt stings you!
* * * LOW HITPOINT WARNING * * *
The killer bee barely misses you.
You butt better.
The killer bee stings you.
* * * LOW HITPOINT WARNING * * *
The killer bee stings you.
You die...

#..#.#.................
##.#.#.................
#...#.................
#########..#............#####
#..........#..........###
#..........#..........#
#.....................#
#.........#.y.........#
#.........#.@##########
#.........#### #.........#
#.........# #.........#
###########


You could see a killer bee.

Vanquished Creatures
  A hippogriff (D:8)
  Sigmund (D:2)
  Eustachio (D:4)
  Edmund (D:4)
  A black bear (D:7)
  A sky beast (D:8)
  An ice beast (D:6)
  7 ogres
  3 centaurs
  A crocodile (D:8)
  A big kobold (D:8)
  A bullfrog (D:6)
  A scorpion (D:8)
  4 killer bees
  9 wights
  A howler monkey (D:8)
  3 crimson imps
  2 orc priests (D:6)
  2 hounds
  Terence (D:3)
  A bullfrog skeleton (D:6)
  A centaur skeleton (D:6)
  An iguana (D:6)
  Natasha (thrice) (D:4)
  4 worker ants
  A killer bee zombie (D:8)
  3 orc wizards
  2 hound zombies (D:5)
  Robin (D:2)
  9 gnolls
  10 adders
  2 shadow imps
  4 worms
  3 dart slugs
  4 leopard geckos
  11 orcs
  2 ball pythons
  5 giant cockroaches
  13 goblins
  14 hobgoblins
  3 jackals (D:3)
  11 kobolds
  4 quokkas
  4 bats
  6 frilled lizards
  A jackal skeleton (D:6)
  A jackal zombie (D:5)
  A leopard gecko skeleton (D:5)
  6 rats
174 creatures vanquished.

Vanquished Creatures (others)
  A quokka (D:5)
1 creature vanquished.

Grand Total: 175 creatures vanquished

Notes
Turn   | Place    | Note
-------+----------+-------------------------------------------
     0 | D:1      | LogicNinja the Deep Elf Fire Elementalist began the quest
                  | for the Orb.
     0 | D:1      | Reached XP level 1. HP: 10/10 MP: 6/6
   151 | D:1      | Found a shattered altar of Ashenzari.
   290 | D:1      | Reached XP level 2. HP: 15/15 MP: 6/9
   294 | D:1      | Learned a level 2 spell: Throw Flame
  1021 | D:2      | Found a blossoming altar of Fedhas.
  1122 | D:2      | Reached skill level 5 in Spellcasting
  1122 | D:2      | Reached XP level 3. HP: 15/19 MP: 0/11
  1361 | D:2      | Found an ornate altar of the Wu Jian Council.
  1488 | D:2      | Reached XP level 4. HP: 23/24 MP: 9/13
  1493 | D:2      | Learned a level 3 spell: Conjure Flame
  1564 | D:2      | Noticed Robin
  1569 | D:2      | Learned a level 4 spell: Sticky Flame
  1584 | D:2      | HP: 1/24 [goblin/+2 dagger of venom[Robin] (3)]
  1646 | D:2      | Killed Robin
  1915 | D:2      | Found a bloodstained altar of Trog.
  2000 | D:2      | Found a faded altar of an unknown god.
  2065 | D:2      | Reached XP level 5. HP: 14/28 MP: 7/14
  2067 | D:2      | Noticed Sigmund
  2096 | D:2      | Killed Sigmund
  2096 | D:2      | Reached XP level 6. HP: 14/32 MP: 4/15
  2286 | D:2      | Found a hide-covered altar of Uskayaw.
  2383 | D:3      | Noticed Terence
  2388 | D:3      | Killed Terence
  2737 | D:3      | Reached skill level 5 in Conjurations
  2739 | D:3      | Reached skill level 5 in Fire Magic
  2961 | D:3      | Found a sacrificial altar of Ru.
  3241 | D:3      | Found a burning altar of Makhleb.
  3527 | D:4      | Noticed Natasha
  3533 | D:4      | Killed Natasha
  3570 | D:4      | Noticed Eustachio
  3573 | D:4      | Noticed Edmund
  3577 | D:4      | Noticed Natasha
  3579 | D:4      | Killed Eustachio
  3579 | D:4      | Reached XP level 7. HP: 36/36 MP: 7/16
  3960 | D:4      | Killed Edmund
  4215 | D:4      | Killed Natasha
  4278 | D:4      | Found an opulent altar of Gozag.
  4361 | D:4      | Noticed Natasha
  4371 | D:4      | Killed Natasha
  4586 | D:4      | Found a staircase to the Ecumenical Temple.
  4645 | D:4      | Learned a level 4 spell: Iskenderun's Mystic Blast
  4646 | Temple   | Entered the Ecumenical Temple
  4800 | D:4      | Found a shadowy altar of Dithmenos.
  4935 | D:5      | Entered Level 5 of the Dungeon
  5061 | D:5      | Got a fine leather armour
  5072 | D:5      | Identified the +0 leather armour of the Robin {rPois rF+
                  | Str+3 Slay+2} (You found it on level 5 of the Dungeon)
  5987 | D:5      | Reached XP level 8. HP: 10/41 MP: 9/17
  6226 | D:5      | Found a radiant altar of Vehumet.
  6276 | D:5      | Became a worshipper of Vehumet
  6374 | D:5      | Found an ancient bone altar of Kikubaaqudgha.
  7262 | D:6      | Found a deep blue altar of Sif Muna.
  7778 | D:6      | Reached XP level 9. HP: 45/45 MP: 14/18
  7796 | D:6      | Reached * piety under Vehumet
  7796 | D:6      | Offered knowledge of Sting by Vehumet.
  7868 | D:6      | Got a translucent lead ring
  7883 | D:6      | Identified the ring of Jennoori {rElec rF+ Int+3 Dex+2}
                  | (You found it on level 6 of the Dungeon)
  8852 | D:7      | Learned a level 5 spell: Fireball
  9281 | D:8      | Reached skill level 10 in Conjurations
  9281 | D:8      | Reached skill level 10 in Fire Magic
  9386 | D:8      | Offered knowledge of Freeze by Vehumet.
  9419 | D:8      | Reached ** piety under Vehumet
  9462 | D:7      | HP: 1/45 [killer bee (7)]
  9463 | D:7      | Slain by a killer bee

Levels and vault maps discovered:
D:1:      onia_arrival_mini_maze_b, layout_basic, serial_bayou_pond_a,
          minmay_misc_feat_diagonals, nicolae_ashenzari_panopticon
D:2:      layout_rooms, lemuel_doored_altar, fedhas_altar_3,
          overflow_temple_1_default, eat_drink_and_be_merry_uskayaw,
          chequers_ecumenical_altar_grove, uniq_sigmund, uniq_robin
D:3:      layout_basic, lightli_temple_of_fire, nicolae_ru_the_path_less_chosen,
          uniq_terence
D:4:      layout_loops_ring, lemuel_round_altar, kennysheep_mini,
          minmay_temple_entry_offerings, first_ration, uniq_natasha,
          uniq_eustachio, uniq_edmund
D:5:      layout_gridville, nicolae_overflow_crystal_walls,
          kiku_gazebo_pond_becter
D:6:      layout_loops_cross, marbit_many_paths
D:7:      layout_basic
D:8:      layout_rooms, uniq_prince_ribbit1
Temple:   eino_wide_crystal_templ

Skill      XL: |  1  2  3  4  5  6  7  8  9 |
---------------+----------------------------+-----
Spellcasting   | 4 5 7 |  7.6
Conjurations   | 2 3 4 5 7 9 10 | 10.2
Fire Magic     | 4 5 7 9 10 | 10.2
Dodging        | |  2.4
Stealth        | |  2.4

Action                   |  1- 3 |  4- 6 |  7- 9 || total
-------------------------+-------+-------+-------++-------
Melee: Spear             |     9 |    11 |       ||    20
       Dagger            |       |     8 |    38 ||    46
 Cast: Flame Tongue      |    60 |    94 |   204 ||   358
       Throw Flame       |       |     5 |    23 ||    28
       Conjure Flame     |       |     1 |    11 ||    12
       Sticky Flame      |       |     2 |    21 ||    23
       Iskenderun's Myst |       |       |    11 ||    11
  Use: Potion            |       |     1 |     1 ||     2
       Scroll            |       |       |     7 ||     7
 Stab: Sleeping          |     2 |     1 |       ||     3
  Eat: Chunk             |     2 |     6 |     8 ||    16
       Ration            |       |       |     4 ||     4
Armor: Robe              |     9 |    11 |     1 ||    21
       Leather armour    |       |       |    20 ||    20
Dodge: Dodged            |    10 |    39 |    88 ||   137
Block: Other             |       |     2 |    32 ||    34
       Reflection        |       |     1 |     1 ||     2

Table legend:
 A = Non-vault XP
 B = Vault XP
 C = Vault XP percentage of total XP
 D = Non-vault monster count
 E = Vault monster count
 F = Vault count percentage of total count
                 A         B        C        D         E       F
            +---------+---------+-------+---------+---------+-------
      Total |    4310 |     666 |  13.4 |     156 |      18 |  10.3
            +---------+---------+-------+---------+---------+-------
        D:1 |      27 |       0 |   0.0 |      13 |       0 |   0.0
        D:2 |     134 |     251 |  65.2 |      26 |      14 |  35.0
        D:3 |     118 |      40 |  25.3 |      28 |       1 |   3.4
        D:4 |     168 |     375 |  69.1 |      11 |       3 |  21.4
        D:5 |     499 |       0 |   0.0 |      14 |       0 |   0.0
        D:6 |    1549 |       0 |   0.0 |      28 |       0 |   0.0
        D:7 |     764 |       0 |   0.0 |      18 |       0 |   0.0
        D:8 |    1051 |       0 |   0.0 |      18 |       0 |   0.0
            +---------+---------+-------+---------+---------+-------
